[Event "Titled Tuesday Blitz September 13 Early 2022"]
[White "Barria Zuniga, Daniel"]
[Black "Ibarra Jerez, Jose Carlos"]
[WhiteFideId "3400816"]
[BlackFideId "2226332"]
[WhiteElo "2414"]
[BlackElo "2627"]
[Result "0-1"]
[Round "11"]
[TimeControl "180+1"]
[Date "2022.09.13"]
[WhiteClock "0:00:04"]
[BlackClock "0:00:08"]

1. d4 d5 2. c4 e6 3. Nf3 a6 4. e3 Nf6 5. Nc3 dxc4 6. Bxc4 b5 7. Bb3 Bb7 8. O-O c5 9. Re1 Nbd7 10. e4 cxd4 11. Nxd4 Bc5 12. Be3 O-O 13. e5 Nxe5 14. Nxe6 Qxd1 15. Raxd1 Bxe3 16. Nxf8 Bf4 17. Ne2 Bh6 18. f4 Nf3+ 19. gxf3 Kxf8 20. Kf2 a5 21. a3 Bc6 22. Rd6 Be8 23. Rc1 a4 24. Ba2 Rb8 25. Rc7 b4 26. Bd5 bxa3 27. bxa3 Rb2 28. Ke3 Rxe2+ 29. Kxe2 Bxf4 30. Rxf6 Bxc7 31. Rf5 g6 32. Rg5 Bxh2 33. Rg2 Bd6 34. Ke3 Bxa3 35. f4 Bc5+ 36. Ke4 Bd7 37. Ke5 Ke7 38. Be4 Be6 39. Bd5 f6+ 40. Ke4 f5+ 41. Ke5 Bd6+ 42. Kd4 Bxd5 43. Kxd5 Bxf4 44. Ra2 Kf6 45. Rxa4 Kg5 46. Ra7 h5 47. Ke6 h4 48. Kf7 Kh5 49. Ra8 h3 50. Rh8+ Bh6 51. Re8 h2 52. Re1 Bf4 53. Rh1 g5 54. Kf6 Kg4 55. Rb1 Bg3 0-1


[Site "https://www.chess.com"]

[Event "Titled Tuesday Blitz September 13 Early 2022"]
[White "Bayo Milagro, Alvaro"]
[Black "Timmermans, Mark"]
[WhiteFideId "22275240"]
[BlackFideId "1026399"]
[WhiteElo "2270"]
[BlackElo "2460"]
[Result "0-1"]
[Round "11"]
[TimeControl "180+1"]
[Date "2022.09.13"]
[WhiteClock "0:01:02"]
[BlackClock "0:02:34"]

1. e4 e5 2. Nf3 Nc6 3. Bb5 f5 4. Nc3 fxe4 5. Nxe4 d5 6. Nxe5 dxe4 7. Qh5+ g6 8. Nxg6 hxg6 9. Qxh8 Qf6 10. Qxg8 Be6 11. Qh7 O-O-O 12. Bxc6 bxc6 13. O-O Rd7 14. Qxd7+ Bxd7 15. d3 exd3 16. cxd3 Bd6 17. Be3 Qh8 18. g3 Bh3 19. Rfe1 Qh5 0-1


[Site "https://www.chess.com"]

[Event "Titled Tuesday Blitz September 13 Early 2022"]
[White "Brodowski, Piotr"]
[Black "Harvey, Marcus R"]
[WhiteFideId "1124480"]
[BlackFideId "400092"]
[WhiteElo "2312"]
[BlackElo "2485"]
[Result "0-1"]
[Round "11"]
[TimeControl "180+1"]
[Date "2022.09.13"]
[WhiteClock "0:00:03"]
[BlackClock "0:00:34"]

1. c4 c5 2. Nc3 Nc6 3. g3 g6 4. Bg2 Bg7 5. Nf3 d6 6. O-O e6 7. e3 Nge7 8. d4 O-O 9. d5 Na5 10. Nd2 exd5 11. cxd5 Bd7 12. Rb1 b5 13. a3 Rb8 14. Nce4 Nb7 15. Nf3 c4 16. b4 cxb3 17. Qxb3 f5 18. Neg5 Nc5 19. Qa2 h6 20. Ne6 Bxe6 21. dxe6 d5 22. Nd4 a6 23. Bb2 Qd6 24. Rfd1 Rfd8 25. Rbc1 Kh7 26. h4 Nxe6 27. h5 gxh5 28. Nxe6 Qxe6 29. Bxg7 Kxg7 30. Rc7 Rbc8 31. Ra7 Qf6 32. Rd4 Kh8 33. Qd2 Rd6 34. Bxd5 Rcd8 35. Bf3 Rxd4 36. exd4 f4 37. Qe2 Nf5 38. Qe4 fxg3 39. fxg3 Qxd4+ 40. Qxd4+ Nxd4 41. Bxh5 Rd6 42. Kg2 Nc2 43. a4 bxa4 44. Bd1 Ne3+ 45. Kh3 Nxd1 0-1


[Site "https://www.chess.com"]

[Event "Titled Tuesday Blitz September 13 Early 2022"]
[White "Cardoso Cardoso, Jose Gabriel"]
[Black "Gabdrakhmanov, Azat"]
[WhiteFideId "4430492"]
[BlackFideId "34189197"]
[WhiteElo "2485"]
[BlackElo "2233"]
[Result "0-1"]
[Round "11"]
[TimeControl "180+1"]
[Date "2022.09.13"]
[WhiteClock "0:00:02"]
[BlackClock "0:00:14"]

1. e4 c5 2. b4 b6 3. g3 Bb7 4. Bg2 e6 5. Ne2 Nf6 6. d3 d5 7. bxc5 bxc5 8. Nbc3 d4 9. Nb1 Nc6 10. Nd2 Be7 11. O-O Nd7 12. Nc4 Qc7 13. Rb1 Ba6 14. Nd2 O-O 15. Nb3 c4 16. Nbxd4 Nxd4 17. Nxd4 Rad8 18. Be3 Ne5 19. f4 Bc5 20. fxe5 Bxd4 21. Bxd4 Rxd4 22. Qh5 cxd3 23. cxd3 Rxd3 24. Rbc1 Rc3 25. Rxc3 Qxc3 26. Rf2 Qe1+ 27. Bf1 Bxf1 28. Rxf1 Qxe4 29. Rf2 g6 30. Qg5 Rb8 31. Rf1 Qd4+ 32. Kg2 Rb2+ 33. Kh3 Qd2 34. Qxd2 Rxd2 35. a3 Re2 36. Rb1 Rxe5 37. Kg4 Ra5 38. Rb3 Ra4+ 39. Kf3 Kg7 40. h4 h6 41. Rc3 g5 42. h5 Kf6 43. Re3 Rd4 44. Rb3 a5 45. Rb5 Rd3+ 46. Kg4 Rxa3 47. Rb2 Kg7 48. Rb7 Ra4+ 49. Kh3 Ra1 50. Ra7 a4 51. Kg4 a3 52. Kh3 e5 53. Kg4 Kf6 54. Ra6+ Kg7 55. Ra7 a2 56. Ra6 e4 57. Ra7 e3 0-1


[Site "https://www.chess.com"]

[Event "Titled Tuesday Blitz September 13 Early 2022"]
[White "Csonka, Balazs"]
[Black "Pranav, V"]
[WhiteFideId "742910"]
[BlackFideId "25060783"]
[WhiteElo "2404"]
[BlackElo "2390"]
[Result "0-1"]
[Round "11"]
[TimeControl "180+1"]
[Date "2022.09.13"]
[WhiteClock "0:00:03"]
[BlackClock "0:00:09"]

1. d4 d5 2. Nf3 c6 3. c4 Nf6 4. Nc3 g6 5. cxd5 cxd5 6. Bf4 Bg7 7. e3 O-O 8. h3 Nc6 9. Bd3 Bf5 10. Bxf5 gxf5 11. O-O e6 12. Rc1 Kh8 13. Qb3 Na5 14. Qb4 Rc8 15. Ne2 Qb6 16. Bd6 Rfe8 17. Ne5 Kg8 18. Qxb6 axb6 19. Rxc8 Rxc8 20. Rc1 Rxc1+ 21. Nxc1 Ne8 22. Bb4 Bxe5 23. dxe5 Nc6 24. Bc3 Nc7 25. Ne2 Nb5 26. Bd4 Nbxd4 27. exd4 Nb4 28. Nc1 Nc2 29. Nb3 f6 30. exf6 Kf7 31. Kf1 Kxf6 32. Ke2 f4 33. a3 e5 34. Kd2 Nxd4 35. Nxd4 exd4 36. Kd3 Ke5 37. a4 b5 38. axb5 b6 39. b3 h6 40. h4 h5 41. b4 Kd6 42. Kxd4 Ke6 43. g3 fxg3 44. fxg3 Kd6 45. Kd3 Ke5 46. Ke3 d4+ 47. Kd3 Kd5 48. Kd2 Ke4 49. Ke2 d3+ 50. Kd2 Kf3 51. Kxd3 Kxg3 52. Ke4 Kxh4 53. Kd5 Kg5 54. Kc6 h4 55. Kxb6 h3 56. Ka7 h2 57. b6 h1=Q 58. b7 Qa1+ 59. Kb6 Qe5 60. Ka7 Qc7 61. Ka8 Qc6 62. Kb8 Kf6 63. b5 Qxb5 64. Kc7 Qc5+ 65. Kb8 Ke6 66. Ka8 Qa5+ 67. Kb8 Kd6 0-1


[Site "https://www.chess.com"]

[Event "Titled Tuesday Blitz September 13 Early 2022"]
[White "Dubov, Daniil"]
[Black "Shimanov, Aleksandr"]
[WhiteFideId "24126055"]
[BlackFideId "4198603"]
[WhiteElo "2791"]
[BlackElo "2605"]
[Result "1-0"]
[Round "11"]
[TimeControl "180+1"]
[Date "2022.09.13"]
[WhiteClock "0:00:24"]
[BlackClock "0:00:02"]

1. e4 d5 2. exd5 Qxd5 3. Nc3 Qe5+ 4. Nce2 Nf6 5. Nf3 Qa5 6. Ng3 Bg4 7. h3 Bxf3 8. Qxf3 c6 9. c3 e6 10. d4 Be7 11. Bc4 Nbd7 12. O-O O-O 13. Re1 Rfe8 14. Bf4 Nd5 15. Bd2 b5 16. Bd3 Qc7 17. h4 N7f6 18. h5 Rad8 19. Ne4 Nxe4 20. Rxe4 Nf6 21. Re2 Rd5 22. h6 g6 23. Bf4 Qd8 24. Be5 Nd7 25. Bg3 Nf6 26. a4 a5 27. Re5 Rxe5 28. Bxe5 c5 29. Bxb5 Rf8 30. dxc5 Nd5 31. Rd1 Qc8 32. c6 Rd8 33. g3 f6 34. Bd4 Kf7 35. Re1 Qc7 36. Qe4 Qc8 37. Kg2 Bf8 38. Qf3 Be7 39. Re2 Qc7 40. Re4 Qc8 41. Qe2 f5 42. Re5 Bf6 43. c7 Nxc7 44. Rc5 Bxd4 45. cxd4 Qb8 46. Qe5 Ne8 47. Bxe8+ Kxe8 48. Rc7 1-0


[Site "https://www.chess.com"]

[Event "Titled Tuesday Blitz September 13 Early 2022"]
[White "Grandelius, Nils"]
[Black "Gokerkan, Cem Kaan"]
[WhiteFideId "1710400"]
[BlackFideId "6336760"]
[WhiteElo "2617"]
[BlackElo "2364"]
[Result "1-0"]
[Round "11"]
[TimeControl "180+1"]
[Date "2022.09.13"]
[WhiteClock "0:01:29"]
[BlackClock "0:00:22"]

1. d4 Nf6 2. c4 e6 3. Bf4 d5 4. cxd5 exd5 5. e3 Bd6 6. Bxd6 Qxd6 7. Nc3 c6 8. Bd3 O-O 9. Nge2 Re8 10. Qd2 a5 11. O-O Nbd7 12. f3 c5 13. Rad1 Qe7 14. Nf4 cxd4 15. Ncxd5 Nxd5 16. Nxd5 Qd6 17. e4 Nb6 18. Bb5 Rd8 19. Qxd4 Nxd5 20. exd5 Be6 21. dxe6 Qxd4+ 22. Rxd4 Rxd4 23. e7 Rb4 24. Rd1 1-0


[Site "https://www.chess.com"]

[Event "Titled Tuesday Blitz September 13 Early 2022"]
[White "Gurel, Ediz"]
[Black "Bacrot, Etienne"]
[WhiteFideId "44507356"]
[BlackFideId "605506"]
[WhiteElo "1894"]
[BlackElo "2666"]
[Result "0-1"]
[Round "11"]
[TimeControl "180+1"]
[Date "2022.09.13"]
[WhiteClock "0:00:03"]
[BlackClock "0:00:43"]

1. e4 c5 2. Nf3 d6 3. d4 cxd4 4. Nxd4 Nf6 5. Nc3 Nc6 6. Bg5 e6 7. Qd2 a6 8. O-O-O Bd7 9. f4 Be7 10. Nf3 b5 11. Bd3 b4 12. Ne2 h6 13. Bh4 Qb6 14. Kb1 a5 15. Rhe1 a4 16. e5 dxe5 17. Nxe5 Rd8 18. Ka1 O-O 19. Bxf6 Bxf6 20. Nxd7 Rxd7 21. Bh7+ Kxh7 22. Qxd7 a3 23. Qd3+ Kg8 24. Kb1 axb2 25. Ng3 Ra8 26. Ne4 Bd4 27. Qb3 Ra3 28. Qc4 Qa5 29. Rd3 b3 30. Rxb3 Qxe1# 0-1


[Site "https://www.chess.com"]

[Event "Titled Tuesday Blitz September 13 Early 2022"]
[White "Harsha Bharathakoti"]
[Black "Sadhwani, Raunak"]
[WhiteFideId "5078776"]
[BlackFideId "35093487"]
[WhiteElo "2523"]
[BlackElo "2656"]
[Result "0-1"]
[Round "11"]
[TimeControl "180+1"]
[Date "2022.09.13"]
[WhiteClock "0:00:40"]
[BlackClock "0:01:18"]

1. Nf3 Nc6 2. c4 e5 3. Nc3 Nf6 4. e3 Bb4 5. Qb3 Bxc3 6. Qxc3 Qe7 7. d4 Ne4 8. Qd3 exd4 9. Nxd4 Nxd4 10. Qxd4 O-O 11. Be2 b6 12. O-O Bb7 13. f3 Nc5 14. b3 Rae8 15. Bd2 a5 16. Rfe1 f5 17. Bf1 Rf6 18. Bc3 Rg6 19. Kh1 d6 20. Qf4 Rf8 21. Qd4 Qg5 22. Qd1 Qh5 23. Qe2 Rh6 24. h3 Ne6 25. Qf2 Ng5 26. Rad1 Bxf3 27. gxf3 Nxh3 28. Qg3 Nf4+ 0-1


[Site "https://www.chess.com"]

[Event "Titled Tuesday Blitz September 13 Early 2022"]
[White "Hasangatin, Ramil"]
[Black "Visakh N R"]
[WhiteFideId "4122160"]
[BlackFideId "25012223"]
[WhiteElo "2327"]
[BlackElo "2448"]
[Result "1-0"]
[Round "11"]
[TimeControl "180+1"]
[Date "2022.09.13"]
[WhiteClock "0:02:13"]
[BlackClock "0:02:01"]

1. e4 c5 2. Nf3 d6 3. d4 Nf6 4. Bb5+ Bd7 5. Bxd7+ Nfxd7 6. O-O cxd4 7. Nxd4 g6 8. c4 Bg7 9. Nc3 O-O 10. Be3 Ne5 11. b3 Nbc6 12. f3 Nxd4 13. Bxd4 Nc6 14. Bxg7 Kxg7 15. Qd2 Qb6+ 16. Qf2 Qd4 17. Qxd4+ Nxd4 18. Rfd1 Nc6 19. Kf2 Rfd8 20. Rd2 g5 21. h4 gxh4 22. Rh1 Ne5 23. Rxh4 e6 24. Rh1 f6 25. Rhd1 Nf7 26. Nb5 f5 27. Nxd6 Nxd6 28. Rxd6 Rxd6 29. Rxd6 fxe4 30. Rd7+ Kf6 31. fxe4 h6 32. Rxb7 Ke5 33. Ke3 Rg8 34. Rb5+ Kf6 35. Kf3 a5 36. Rxa5 Rg5 37. Rxg5 Kf7 38. Rb5 Ke8 39. Ke2 Kf8 40. Kd1 Kg8 41. Kc2 Kh8 42. Kb1 1-0


[Site "https://www.chess.com"]

[Event "Titled Tuesday Blitz September 13 Early 2022"]
[White "Ibrahimli, Murad"]
[Black "Goryachkina, Aleksandra"]
[WhiteFideId "13410229"]
[BlackFideId "4147103"]
[WhiteElo "2109"]
[BlackElo "2426"]
[Result "1-0"]
[Round "11"]
[TimeControl "180+1"]
[Date "2022.09.13"]
[WhiteClock "0:00:28"]
[BlackClock "0:00:03"]

1. d4 Nf6 2. c4 e6 3. Nf3 d5 4. Nc3 Nbd7 5. cxd5 exd5 6. Bg5 c6 7. e3 Be7 8. Bd3 Ne4 9. Bf4 Ndf6 10. h3 O-O 11. O-O Bf5 12. Qc2 Re8 13. Be5 Bg6 14. Nh4 Nxc3 15. Nxg6 hxg6 16. bxc3 Bd6 17. f4 b5 18. a4 a6 19. axb5 cxb5 20. Ra2 Nh5 21. Rfa1 Bxe5 22. fxe5 Qg5 23. Qf2 Re6 24. Bxb5 Ng3 25. Rxa6 Raxa6 26. Rxa6 Rxa6 27. Bxa6 Ne4 28. Qf4 Qh5 29. Kh2 Nxc3 30. Bc8 Ne4 31. e6 fxe6 32. Bxe6+ Kh7 33. Qf8 Nf6 34. Qd6 Qg5 35. Qe5 Qh5 36. Qxh5+ gxh5 37. Kg3 g5 38. Kf3 h4 39. Ke2 Kg6 40. Kd3 Kg7 41. Bf5 Kf7 42. e4 dxe4+ 43. Bxe4 Ke7 44. Bf5 Kd6 45. Bg6 Kd5 46. Bf7+ Kd6 47. Ke3 Ke7 48. Bc4 Kd6 49. Kf3 Kc6 50. Ke3 Kd6 51. Kd3 Kc6 52. Kc3 Kd6 53. Be2 Nd5+ 54. Kd2 Nf6 55. Bf3 Ke6 56. Kc3 Kd6 57. Kb4 Nd7 58. Kb5 Nf8 59. Bg4 Nh7 60. Bf3 Nf8 61. Kc4 Nh7 62. d5 Nf6 63. Kd4 Nd7 64. Ke4 Ne5 65. Kf5 Nxf3 66. gxf3 Kxd5 67. Kxg5 Ke5 68. f4+ 1-0


[Site "https://www.chess.com"]

[Event "Titled Tuesday Blitz September 13 Early 2022"]
[White "Indjic, Aleksandar"]
[Black "Korchmar, Vasiliy"]
[WhiteFideId "911925"]
[BlackFideId "24131750"]
[WhiteElo "2592"]
[BlackElo "2370"]
[Result "0-1"]
[Round "11"]
[TimeControl "180+1"]
[Date "2022.09.13"]
[WhiteClock "0:00:01"]
[BlackClock "0:00:28"]

1. e4 c5 2. Nf3 d6 3. d4 cxd4 4. Nxd4 Nf6 5. Nc3 Nc6 6. Bg5 Bd7 7. Qd2 a6 8. f4 e6 9. O-O-O Be7 10. Nf3 b5 11. e5 b4 12. exf6 bxc3 13. Qxc3 gxf6 14. Bh4 Rg8 15. Bd3 Rb8 16. a3 d5 17. Bxh7 Rh8 18. Bd3 d4 19. Qc4 Qb6 20. b4 Nxb4 21. axb4 Bxb4 22. Be1 Qa5 23. Bxb4 Rxb4 24. Qxa6 Qc7 25. Qa8+ Ke7 26. Qxh8 Qxf4+ 27. Nd2 Ra4 28. Kb2 Qc7 29. Nc4 Qb7+ 30. Kc1 Qb4 31. c3 Qxc3+ 0-1


[Site "https://www.chess.com"]

[Event "Titled Tuesday Blitz September 13 Early 2022"]
[White "Jakubowski, Krzysztof"]
[Black "Fernandez Guillen, Ernesto J."]
[WhiteFideId "1112848"]
[BlackFideId "3512428"]
[WhiteElo "2306"]
[BlackElo "2422"]
[Result "1/2-1/2"]
[Round "11"]
[TimeControl "180+1"]
[Date "2022.09.13"]
[WhiteClock "0:00:05"]
[BlackClock "0:00:07"]

1. e4 e5 2. Nc3 Nc6 3. Bc4 g6 4. d3 Bg7 5. h4 h6 6. Nge2 Na5 7. Be3 Nxc4 8. dxc4 d6 9. Qd2 Be6 10. b3 f5 11. f4 Nf6 12. exf5 gxf5 13. O-O-O O-O 14. fxe5 dxe5 15. Bxh6 Qxd2+ 16. Bxd2 c6 17. h5 Ng4 18. Rdf1 Kh7 19. Ng1 f4 20. Nf3 Bf5 21. Ng5+ Kh8 22. Nge4 Rad8 23. c5 Rd4 24. Nd6 Bh7 25. Nxb7 Bh6 26. Nb1 Rxd2 27. Nxd2 e4 28. Kb1 e3 29. Nf3 Rg8 30. Nd6 Nf2 31. Nf7+ Kg7 32. Nxh6 Kxh6 33. Rh4 Rxg2 34. Rxf4 Ne4 35. Ka1 Rxc2 36. Nd4 Rd2 37. Nf3 Rg2 38. Ne1 Re2 39. Nd3 Nc3 40. Nc1 Rc2 41. Rc4 e2 42. Re1 Kxh5 43. Rxc3 Rxc3 44. Nxe2 Rxc5 45. Nd4 Kg6 46. Kb2 Bg8 47. Re8 Bd5 48. Re7 a5 49. Ra7 Kf6 50. Nc2 Ke5 51. Ne3 Be6 52. Nc4+ Bxc4 53. bxc4 Kd4 54. Kb3 Rxc4 55. Rxa5 Rc1 56. Kb2 Rh1 57. Ra4+ Kd3 58. Ra3+ Kd4 59. Ra4+ Kd5 60. Rg4 c5 61. Rg5+ Kc4 62. Rg4+ Kb5 63. Rg8 Rh2+ 64. Kb3 Rh3+ 65. Kb2 Kb4 66. Rb8+ Kc4 67. Rg8 Rh2+ 68. Kb1 Kc3 69. Rg3+ Kb4 70. Rb3+ Kc4 71. Rg3 Kb4 72. Rb3+ Kc4 73. Rg3 Kd4 74. Rg4+ Kd5 75. Rg5+ Kc6 76. Rg8 Re2 77. Rg4 Kb5 78. Rh4 c4 79. Rh8 Kb4 80. Rh3 c3 81. Rh8 Re1+ 82. Kc2 Re2+ 83. Kb1 Kc4 84. Rc8+ Kd4 85. Rd8+ Kc4 86. Rc8+ Kb4 87. Rb8+ Ka4 88. Ra8+ Kb4 89. Rb8+ Kc5 90. Rc8+ Kd4 91. Rd8+ Kc4 92. Rc8+ 1/2-1/2


[Site "https://www.chess.com"]

[Event "Titled Tuesday Blitz September 13 Early 2022"]
[White "Kamsky, Gata"]
[Black "Bluebaum, Matthias"]
[WhiteFideId "2000024"]
[BlackFideId "24651516"]
[WhiteElo "2666"]
[BlackElo "2633"]
[Result "1-0"]
[Round "11"]
[TimeControl "180+1"]
[Date "2022.09.13"]
[WhiteClock "0:00:05"]
[BlackClock "0:00:15"]

1. e4 c6 2. Nf3 d5 3. d3 dxe4 4. dxe4 Qxd1+ 5. Kxd1 Nf6 6. Nfd2 g5 7. a4 g4 8. a5 h5 9. Nc3 Be6 10. Bc4 Bxc4 11. Nxc4 Nbd7 12. Ke2 Nc5 13. f3 Bh6 14. Bxh6 Rxh6 15. Rad1 Rg6 16. Ke3 gxf3 17. gxf3 Rg2 18. Rd2 Rxd2 19. Nxd2 O-O-O 20. Rg1 Ne6 21. Nc4 Nd4 22. Rg2 Ne6 23. Ne5 Rf8 24. h4 Nd7 25. Nd3 f5 26. Ne2 fxe4 27. fxe4 Nf6 28. Ne5 Kc7 29. b4 b6 30. axb6+ axb6 31. Rg6 b5 32. Ng3 Kd6 33. Nd3 Ng4+ 34. Kd2 Kd7 35. Nxh5 Nf2 36. Ke3 Nd1+ 37. Kd2 Nf2 38. Ng3 Nxd3 39. cxd3 Nd4 40. Kc3 e5 41. Rg5 Ke6 42. Nf5 Nxf5 43. Rxf5 Ra8 44. Rg5 Ra3+ 45. Kc2 Ra2+ 46. Kb3 Rh2 47. h5 Rh3 48. Kc3 Rh1 49. Rg6+ Ke7 50. h6 Kf7 51. Rg7+ Kf6 52. Rc7 Kg5 53. h7 Kf4 54. Rxc6 Rxh7 55. Rb6 Rc7+ 56. Kd2 Rh7 57. Rxb5 Rh2+ 58. Kc3 Rh1 59. Rd5 Ke3 60. b5 Rc1+ 61. Kb4 Rc8 62. b6 Kd2 63. Kb5 Rc1 64. b7 Rb1+ 65. Kc6 Rc1+ 66. Rc5 Rh1 67. b8=Q Rh6+ 68. Kd5 Rh3 69. Qb2+ 1-0


[Site "https://www.chess.com"]

[Event "Titled Tuesday Blitz September 13 Early 2022"]
[White "Kosakowski, Jakub"]
[Black "Samunenkov, Ihor"]
[WhiteFideId "1185080"]
[BlackFideId "14187086"]
[WhiteElo "2453"]
[BlackElo "2441"]
[Result "1-0"]
[Round "11"]
[TimeControl "180+1"]
[Date "2022.09.13"]
[WhiteClock "0:01:42"]
[BlackClock "0:00:52"]

1. e4 c5 2. Nf3 Nc6 3. d4 cxd4 4. Nxd4 Nf6 5. Nc3 e5 6. Ndb5 d6 7. Nd5 Nxd5 8. exd5 Ne7 9. c4 Ng6 10. Qa4 Bd7 11. Qb4 Qb8 12. h4 h5 13. Bg5 a6 14. Nc3 f6 15. Bd3 f5 16. O-O-O Be7 17. Bxe7 Kxe7 18. g3 Rc8 19. Kb1 e4 20. Rhe1 Ne5 21. f3 a5 22. Qa3 exf3 23. Rxe5+ Kf6 24. Re3 f2 25. Rf3 Rc5 26. Ne4+ 1-0


[Site "https://www.chess.com"]

[Event "Titled Tuesday Blitz September 13 Early 2022"]
[White "Kosteniuk, Alexandra"]
[Black "Wachinger, Guenther"]
[WhiteFideId "4128125"]
[BlackFideId "4604261"]
[WhiteElo "2469"]
[BlackElo "2212"]
[Result "1/2-1/2"]
[Round "11"]
[TimeControl "180+1"]
[Date "2022.09.13"]
[WhiteClock "0:00:06"]
[BlackClock "0:00:06"]

1. e4 c5 2. c3 Nf6 3. e5 Nd5 4. Nf3 Nc6 5. Bc4 Nb6 6. Bb3 d5 7. exd6 Qxd6 8. O-O Be6 9. Na3 Bxb3 10. axb3 Qd3 11. Ne1 Qd7 12. Qe2 g6 13. Nc4 Nxc4 14. Qxc4 b6 15. Nf3 Bg7 16. Re1 O-O 17. Qh4 Rad8 18. Ng5 h6 19. Nf3 Qf5 20. d4 cxd4 21. Bxh6 Qh5 22. Qxh5 gxh5 23. Bxg7 Kxg7 24. cxd4 Nxd4 25. Nxd4 Rxd4 26. Rxa7 e6 27. Ra4 Rfd8 28. Rxd4 Rxd4 29. g3 Rd2 30. Re5 Kg6 31. h4 Rc2 32. Rg5+ Kh6 33. Rb5 Rc6 34. Kg2 Kg6 35. Kf3 f6 36. Ke3 e5 37. Rd5 Kf5 38. f3 Rc2 39. Rd2 Rc1 40. Rg2 Re1+ 41. Kd3 Rf1 42. Ke2 Rb1 43. Ke3 Re1+ 44. Re2 Rg1 45. Kf2 Rd1 46. Ke3 Rg1 47. Kf2 Rd1 48. Re3 Rd2+ 49. Re2 Rd1 1/2-1/2


[Site "https://www.chess.com"]

[Event "Titled Tuesday Blitz September 13 Early 2022"]
[White "Koustav, Chatterjee"]
[Black "Pap, Gyula"]
[WhiteFideId "25073060"]
[BlackFideId "725323"]
[WhiteElo "2196"]
[BlackElo "2519"]
[Result "0-1"]
[Round "11"]
[TimeControl "180+1"]
[Date "2022.09.13"]
[WhiteClock "0:00:07"]
[BlackClock "0:00:06"]

1. d4 e6 2. Nf3 c5 3. c4 cxd4 4. Nxd4 Nf6 5. g3 Qc7 6. b3 a6 7. Bg2 Nc6 8. O-O Be7 9. Nc3 O-O 10. Bb2 d6 11. Rc1 Nxd4 12. Qxd4 Bd7 13. Rfd1 Rfd8 14. Ne4 Ne8 15. h4 Bc6 16. Qe3 Qa5 17. a3 Rac8 18. b4 Qf5 19. Bf3 h5 20. Ng5 Bxf3 21. exf3 Bf6 22. Bd4 Rc6 23. Ne4 Bxd4 24. Rxd4 Rdc8 25. Rcd1 Rxc4 26. Rxc4 Rxc4 27. Nxd6 Nxd6 28. Rxd6 Qb1+ 29. Kg2 Rc1 30. f4 Rg1+ 31. Kf3 Qf5 32. Rd8+ Kh7 33. Qd3 Qxd3+ 34. Rxd3 Ra1 35. Ke4 Kg6 36. Ke5 b5 37. Kd6 Rc1 38. Ke5 Re1+ 39. Kd4 Kf5 40. Kc5 e5 41. fxe5 Rxe5+ 42. Rd5 f6 43. Rxe5+ fxe5 44. Kb6 e4 45. Kxa6 Kg4 46. Kxb5 Kf3 47. a4 Kxf2 48. a5 e3 49. a6 e2 50. a7 e1=Q 51. a8=Q Kxg3 52. Qg8 Qe5+ 53. Kc4 Kxh4 54. b5 g5 55. b6 g4 56. Qd8+ Kh3 57. Qd3+ g3 58. b7 Kh2 59. Qd5 Qc7+ 60. Kd4 h4 61. Qe4 h3 62. Qe2+ g2 63. Qe5+ Qxe5+ 64. Kxe5 g1=Q 65. b8=Q Qg3+ 0-1


[Site "https://www.chess.com"]

[Event "Titled Tuesday Blitz September 13 Early 2022"]
[White "Lin, Dachey"]
[Black "Shuvalov, Evgenij"]
[WhiteFideId "2029650"]
[BlackFideId "4187237"]
[WhiteElo "2313"]
[BlackElo "2033"]
[Result "1-0"]
[Round "11"]
[TimeControl "180+1"]
[Date "2022.09.13"]
[WhiteClock "0:00:55"]
[BlackClock "0:00:12"]

1. g4 d5 2. Bg2 Bxg4 3. c4 c6 4. Qb3 Nf6 5. Qxb7 Nbd7 6. d4 e6 7. c5 e5 8. e3 Qc8 9. Qxc8+ Rxc8 10. Nf3 e4 11. Nfd2 Be7 12. b4 a6 13. Bf1 Ra8 14. Nb3 Nf8 15. Na5 Bd7 16. Nc3 Ne6 17. a4 Nc7 18. Bd2 O-O 19. Be2 Nfe8 20. f4 exf3 21. Bxf3 Bh4+ 22. Ke2 Nf6 23. Be1 Bxe1 24. Rhxe1 Rfe8 25. Kd2 g5 26. e4 g4 27. Bh1 dxe4 28. Nxe4 Nfd5 29. Rab1 Kg7 30. Nc4 Rab8 31. Ne5 Re7 32. Nd6 Rxb4 33. Rxb4 Nxb4 34. a5 Nbd5 35. Rb1 Nb5 36. Nxb5 axb5 37. Bxd5 cxd5 38. c6 Bf5 39. Rxb5 Ra7 40. Rxd5 Be6 41. Rc5 Kf6 42. Nd3 Ke7 43. d5 Bc8 44. Kc3 Kd6 45. Kd4 f6 46. Nb2 Ba6 47. Nc4+ Bxc4 48. Kxc4 h5 49. c7 Rxc7 50. Rxc7 Kxc7 51. a6 h4 52. d6+ Kxd6 53. a7 g3 54. a8=Q gxh2 55. Qg2 Ke5 56. Qxh2+ 1-0


[Site "https://www.chess.com"]

[Event "Titled Tuesday Blitz September 13 Early 2022"]
[White "Livaic, Leon"]
[Black "Piesik, Piotr"]
[WhiteFideId "14531534"]
[BlackFideId "1136194"]
[WhiteElo "2540"]
[BlackElo "2221"]
[Result "1-0"]
[Round "11"]
[TimeControl "180+1"]
[Date "2022.09.13"]
[WhiteClock "0:01:51"]
[BlackClock "0:02:00"]

1. d4 c5 2. d5 e5 3. Nc3 d6 4. e4 Be7 5. Be2 Bg5 6. Nf3 Bxc1 7. Rxc1 Ne7 8. Nd2 O-O 9. O-O Nd7 10. a4 f5 11. Nc4 Nf6 12. exf5 Nxf5 13. Bd3 Nd4 14. Ne4 Nxe4 15. Bxe4 Bf5 16. f3 Bg6 17. c3 Nf5 18. Qd3 b6 19. b4 Rc8 20. b5 Rc7 21. a5 Rcf7 22. axb6 axb6 23. Ra1 Qc7 24. Ra6 Rb8 25. Rfa1 Ne7 26. Ra7 Qd8 27. Bxg6 Nxg6 28. Rxf7 Kxf7 29. Ra7+ Kg8 30. Qf5 Ra8 31. Qf7+ 1-0


[Site "https://www.chess.com"]

[Event "Titled Tuesday Blitz September 13 Early 2022"]
[White "Maksimovic, Bojan"]
[Black "Lopez, Henry"]
[WhiteFideId "14408120"]
[BlackFideId "5203830"]
[WhiteElo "2447"]
[BlackElo "2177"]
[Result "1-0"]
[Round "11"]
[TimeControl "180+1"]
[Date "2022.09.13"]
[WhiteClock "0:01:36"]
[BlackClock "0:01:17"]

1. Nf3 Nf6 2. g3 b6 3. Bg2 Bb7 4. O-O c5 5. d3 g6 6. e4 d6 7. Nc3 Bg7 8. h3 e5 9. Bg5 h6 10. Bxf6 Bxf6 11. Nd5 Bg7 12. Nd2 O-O 13. a4 Nc6 14. c3 Ne7 15. Qb3 Nxd5 16. exd5 Rb8 17. a5 b5 18. a6 Bc8 19. Qc2 f5 20. b4 Qc7 21. bxc5 Qxc5 22. Nb3 Qc7 23. Na5 Rb6 24. Nc6 Kh7 25. Ra2 Bd7 26. Rb1 Re8 27. Rab2 Bxc6 28. dxc6 Reb8 29. c4 e4 30. Rxb5 Qxc6 31. Rxb6 Rxb6 32. Rxb6 exd3 33. Qb3 1-0


[Site "https://www.chess.com"]

[Event "Titled Tuesday Blitz September 13 Early 2022"]
[White "Maltsevskaya, Aleksandra"]
[Black "Samsonkin, Artiom"]
[WhiteFideId "24174041"]
[BlackFideId "13503111"]
[WhiteElo "2243"]
[BlackElo "2524"]
[Result "1-0"]
[Round "11"]
[TimeControl "180+1"]
[Date "2022.09.13"]
[WhiteClock "0:00:47"]
[BlackClock "0:00:07"]

1. e4 c5 2. Nf3 d6 3. d4 cxd4 4. Nxd4 Nf6 5. Nc3 a6 6. Qd3 g6 7. Bg5 Bg7 8. O-O-O h6 9. Be3 Ng4 10. Be2 Nxe3 11. Qxe3 Nc6 12. Nxc6 bxc6 13. f4 Qa5 14. Rd3 Rb8 15. a3 Be6 16. Rf1 Bc4 17. Rd4 Bxe2 18. Nxe2 c5 19. Rd3 Bxb2+ 20. Kd1 c4 21. Rd5 Qxa3 22. Qxa3 Bxa3 23. Ra5 Rb1+ 24. Kd2 Bb4+ 25. c3 Rxf1 26. cxb4 O-O 27. Rxa6 Rb8 28. Nc3 Rxf4 29. Ke3 Rf1 30. Nd5 e6 31. Ne7+ Kg7 32. Nc6 Rb5 33. Ra7 e5 34. Rc7 Rb6 35. h4 Rb1 36. Nd8 R1xb4 37. Nxf7 Kf8 38. Nd8 Rb3+ 39. Kd2 Ke8 40. Ne6 Rd3+ 41. Kc2 Ra6 42. Rxc4 Rda3 43. Rc7 Ra2+ 44. Kb3 Ra7 45. Ng7+ Kf8 46. Ne6+ Kg8 47. Rc8+ Kf7 48. Nd8+ Ke8 49. Nc6+ Kd7 50. Nxa7 Rxa7 51. Rg8 Rb7+ 52. Kc4 Kc6 53. Rxg6 Ra7 54. Rxh6 Ra4+ 55. Kd3 Ra3+ 56. Kc4 Rg3 57. h5 Rxg2 58. Rg6 Re2 59. Kd3 Rh2 60. h6 Kc5 61. Rf6 Rh3+ 62. Ke2 Rh4 63. Kf3 Rh3+ 64. Kg4 Rh1 65. Kf5 Rf1+ 66. Kg6 Rh1 67. h7 d5 68. exd5 Kxd5 69. Kg7 e4 70. Rh6 Rg1+ 71. Kf7 Rf1+ 72. Ke7 e3 73. h8=Q e2 74. Rd6+ Kc4 75. Qc8+ 1-0


[Site "https://www.chess.com"]